PCL
DISTRICT 9 PRAWNS @ TEXARKANA BEARS
06/09/2028
 
TOP OF THE 1ST
District 9 Prawns batting - Pitching for Texarkana Bears : RHP Alberto Márquez
Pitching: RHP Alberto Márquez
Batting: SHB Félix Montoya 0-0: Foul Ball, location: 2F
0-1: Fly out, F6 (Popup, 6S)
Batting: RHB José Colón 0-0: Ball
1-0: Fly out, F7 (Line Drive, 7)
Batting: SHB Rick Turner 0-0: Ground out 6-3 (Groundball, 56)
Top of the 1st over - 0 run(s), 0 hit(s), 0 error(s), 0 left on base; District 9 0 - Texarkana 0
BOTTOM OF THE 1ST
Texarkana Bears batting - Pitching for District 9 Prawns : RHP Víctor Ventura
Pitching: RHP Víctor Ventura
Batting: LHB Guy Moss 0-0: Ball
1-0: Called Strike
1-1: SINGLE (Groundball, 6S) (infield hit)
Batting: RHB Tony Reyes 0-0: Ball
1-0: Foul Ball, location: 2F
1-1: Ball
2-1: Grounds into double play, 6-4-3 (Groundball, 6)
Batting: RHB Gilberto López 0-0: Ball
1-0: Ball
2-0: Ball
3-0: Base on Balls
Batting: RHB Billy Campbell 0-0: Foul Ball, location: 2F
0-1: Ball
1-1: Swinging Strike
1-2: Foul Ball, location: 2F
1-2: Strikes out swinging
Bottom of the 1st over - 0 run(s), 1 hit(s), 0 error(s), 1 left on base; District 9 0 - Texarkana 0
TOP OF THE 2ND
District 9 Prawns batting - Pitching for Texarkana Bears : RHP Alberto Márquez
Batting: LHB Terry Simpson 0-0: Ball
1-0: Ball
2-0: Ball
3-0: Base on Balls
Batting: RHB Felipe Jareño 0-0: Called Strike
0-1: Foul Ball, location: 2F
0-2: Fly out, F3 (Line Drive, 3)
Batting: LHB Donnie Cunningham 0-0: Swinging Strike
0-1: Grounds into double play, 4-6-3 (Groundball, 4)
Top of the 2nd over - 0 run(s), 0 hit(s), 0 error(s), 0 left on base; District 9 0 - Texarkana 0
BOTTOM OF THE 2ND
Texarkana Bears batting - Pitching for District 9 Prawns : RHP Víctor Ventura
Batting: RHB Juan Rico 0-0: Swinging Strike
0-1: Called Strike
0-2: Ball
1-2: DOUBLE (Line Drive, 9LM)
Batting: RHB Keith Ford 0-0: Ball
1-0: Called Strike
1-1: Ball
2-1: Foul Ball, location: 2F
2-2: Strikes out looking
Batting: RHB Lu-fang Huie 0-0: Ball
Juan Rico steals 3rd base
1-0: Called Strike
1-1: Called Strike
1-2: Foul Ball, location: 2F
1-2: Strikes out looking
Batting: LHB Tom Mullins 0-0: Called Strike
0-1: SINGLE (Groundball, 6S) (infield hit)
Juan Rico scores
Batting: RHB Steve Garneys 0-0: Ball
1-0: Fielders Choice at 2nd, 6-4 (Groundball, 6)
Bottom of the 2nd over - 1 run(s), 2 hit(s), 0 error(s), 0 left on base; District 9 0 - Texarkana 1
TOP OF THE 3RD
District 9 Prawns batting - Pitching for Texarkana Bears : RHP Alberto Márquez
Batting: RHB Reynold Akker 0-0: Fly out, F7 (Flyball, 7S)
Batting: LHB Culley Vaughan 0-0: Swinging Strike
0-1: SINGLE (Line Drive, 6M)
Batting: RHB Phil Jacobs 0-0: Called Strike
0-1: Ball
1-1: Ball
2-1: Ground out 6-3 (Groundball, 6MS)
Culley Vaughan to second
Batting: SHB Félix Montoya 0-0: Swinging Strike
0-1: Called Strike
0-2: Ball
1-2: Foul Ball, location: 2F
1-2: Ground out 4-3 (Groundball, 34)
Top of the 3rd over - 0 run(s), 1 hit(s), 0 error(s), 1 left on base; District 9 0 - Texarkana 1
BOTTOM OF THE 3RD
Texarkana Bears batting - Pitching for District 9 Prawns : RHP Víctor Ventura
Batting: LHB Guy Moss 0-0: Foul Ball, location: 2F
0-1: Foul Ball, location: 2F
0-2: Ball
1-2: Strikes out swinging
Batting: RHB Tony Reyes 0-0: Foul Ball, location: 2F
0-1: Ground out 6-3 (Groundball, 6)
Batting: RHB Gilberto López 0-0: Called Strike
0-1: Foul Ball, location: 2F
0-2: Ball
1-2: SINGLE (Line Drive, 9LS)
Batting: RHB Billy Campbell 0-0: Called Strike
0-1: Ball
1-1: Foul Ball, location: 2F
1-2: DOUBLE (Line Drive, 9LM)
Gilberto López to third
Gilberto López scores
Batting: RHB Juan Rico 0-0: Called Strike
0-1: Called Strike
0-2: Ball
1-2: Fly out, F8 (Flyball, 8RS)
Bottom of the 3rd over - 1 run(s), 2 hit(s), 0 error(s), 1 left on base; District 9 0 - Texarkana 2
TOP OF THE 4TH
District 9 Prawns batting - Pitching for Texarkana Bears : RHP Alberto Márquez
Batting: RHB José Colón 0-0: Foul Ball, location: 2F
0-1: Ball
1-1: Fly out, F8 (Flyball, 8LM)
Batting: SHB Rick Turner 0-0: Ball
1-0: Swinging Strike
1-1: Hit by Pitch
Batting: LHB Terry Simpson 0-0: Called Strike
0-1: Swinging Strike
0-2: Ball
1-2: Foul Ball, location: 2F
1-2: Ball
2-2: Strikes out swinging
Batting: RHB Felipe Jareño 0-0: Called Strike
0-1: Ball
1-1: Fly out, F8 (Flyball, 8RM)
Top of the 4th over - 0 run(s), 0 hit(s), 0 error(s), 1 left on base; District 9 0 - Texarkana 2
BOTTOM OF THE 4TH
Texarkana Bears batting - Pitching for District 9 Prawns : RHP Víctor Ventura
Batting: RHB Keith Ford 0-0: SOLO HOME RUN (Line Drive, 7LD), Distance : 396 ft
Batting: RHB Lu-fang Huie 0-0: Called Strike
0-1: Foul Ball, location: 2F
0-2: Strikes out swinging
Batting: LHB Tom Mullins 0-0: Swinging Strike
0-1: Ball
1-1: Foul Ball, location: 2F
1-2: Foul Ball, location: 2F
1-2: Fly out, F8 (Flyball, 89M)
Batting: RHB Steve Garneys 0-0: Ball
1-0: Ball
2-0: Called Strike
2-1: SINGLE (Groundball, 56) (infield hit)
Batting: LHB Guy Moss 0-0: Called Strike
0-1: Ball
1-1: Swinging Strike
1-2: Ball
2-2: Strikes out swinging
Bottom of the 4th over - 1 run(s), 2 hit(s), 0 error(s), 1 left on base; District 9 0 - Texarkana 3
TOP OF THE 5TH
District 9 Prawns batting - Pitching for Texarkana Bears : RHP Alberto Márquez
Batting: LHB Donnie Cunningham 0-0: Ground out 5-3 (Groundball, 5)
Batting: RHB Reynold Akker 0-0: Ball
1-0: SINGLE (Groundball, 6D)
Batting: LHB Culley Vaughan 0-0: Ball
1-0: Ball
2-0: Ball
3-0: Base on Balls
Reynold Akker to second
Batting: RHB Phil Jacobs 0-0: SINGLE (Groundball, 56D)
Reynold Akker to third
Culley Vaughan to second
Batting: SHB Félix Montoya 0-0: Ball
1-0: Ball
2-0: Called Strike
2-1: Swinging Strike
2-2: Strikes out swinging
Batting: RHB José Colón 0-0: Called Strike
0-1: Ball
1-1: Called Strike
1-2: Fly out, F8 (Flyball, 8RD)
Top of the 5th over - 0 run(s), 2 hit(s), 0 error(s), 3 left on base; District 9 0 - Texarkana 3
BOTTOM OF THE 5TH
Texarkana Bears batting - Pitching for District 9 Prawns : RHP Víctor Ventura
Batting: RHB Tony Reyes 0-0: Ground out 6-3 (Groundball, 6)
Batting: RHB Gilberto López 0-0: Called Strike
0-1: Called Strike
0-2: Ball
1-2: Ball
2-2: Foul Ball, location: 2F
2-2: Foul Ball, location: 2F
2-2: Ball
3-2: Foul Ball, location: 2F
3-2: Base on Balls
Batting: RHB Billy Campbell 0-0: Ball
1-0: Foul Ball, location: 2F
1-1: Called Strike
1-2: Foul Ball, location: 2F
1-2: Ball
2-2: Strikes out swinging
Batting: RHB Juan Rico 0-0: Called Strike
0-1: Ball
1-1: Called Strike
1-2: 2-RUN HOME RUN (Flyball, 7LD), Distance : 373 ft
Batting: RHB Keith Ford 0-0: Swinging Strike
0-1: Ball
1-1: Ball
2-1: Ball
3-1: Fly out, F9 (Flyball, 9LMF)
Bottom of the 5th over - 2 run(s), 1 hit(s), 0 error(s), 0 left on base; District 9 0 - Texarkana 5
TOP OF THE 6TH
District 9 Prawns batting - Pitching for Texarkana Bears : RHP Alberto Márquez
Batting: SHB Rick Turner 0-0: Called Strike
0-1: SINGLE (Flyball, 78S) - OUT at second base trying to stretch hit.
Batting: LHB Terry Simpson 0-0: Called Strike
0-1: Ball
1-1: Ball
2-1: Ball
3-1: Fly out, F7 (Flyball, 7S)
Batting: RHB Felipe Jareño 0-0: Ball
1-0: Foul Ball, location: 2F
1-1: Called Strike
1-2: Ball
2-2: Foul Ball, location: 2F
2-2: Ball
3-2: Foul Ball, location: 2F
3-2: Ground out 6-3 (Groundball, 6)
Top of the 6th over - 0 run(s), 1 hit(s), 0 error(s), 0 left on base; District 9 0 - Texarkana 5
BOTTOM OF THE 6TH
Texarkana Bears batting - Pitching for District 9 Prawns : RHP Víctor Ventura
Pitching: RHP Johnathan McJannett
Batting: RHB Lu-fang Huie 0-0: Called Strike
0-1: Ball
1-1: Ball
2-1: Ball
3-1: Base on Balls
Batting: LHB Tom Mullins 0-0: Grounds into double play, 1-6-3 (Groundball, P)
Batting: RHB Steve Garneys 0-0: Called Strike
0-1: Swinging Strike
0-2: Ball
1-2: Ground out 4-3 (Groundball, 34)
Bottom of the 6th over - 0 run(s), 0 hit(s), 0 error(s), 0 left on base; District 9 0 - Texarkana 5
TOP OF THE 7TH
District 9 Prawns batting - Pitching for Texarkana Bears : RHP Alberto Márquez
Batting: LHB Donnie Cunningham 0-0: Called Strike
0-1: Ground out 6-3 (Groundball, 56)
Batting: RHB Reynold Akker 0-0: Fly out, F8 (Flyball, 89M)
Batting: LHB Culley Vaughan 0-0: Ball
1-0: Ball
2-0: Ball
3-0: Base on Balls
Batting: RHB Phil Jacobs 0-0: Called Strike
0-1: Called Strike
0-2: Strikes out swinging
Top of the 7th over - 0 run(s), 0 hit(s), 0 error(s), 1 left on base; District 9 0 - Texarkana 5
BOTTOM OF THE 7TH
Texarkana Bears batting - Pitching for District 9 Prawns : RHP Johnathan McJannett
Batting: LHB Guy Moss 0-0: Ball
1-0: Called Strike
1-1: SOLO HOME RUN (Flyball, 9LD), Distance : 370 ft
Batting: RHB Tony Reyes 0-0: Ball
1-0: Ball
2-0: Foul Ball, location: 2F
2-1: Ball
3-1: Base on Balls
Batting: RHB Gilberto López 0-0: Ball
1-0: Ball
2-0: Ball
3-0: Base on Balls
Tony Reyes to second
Batting: RHB Billy Campbell 0-0: Foul Ball, location: 2F
0-1: Fly out, F8 (Flyball, 8RM)
Batting: RHB Juan Rico 0-0: Called Strike
0-1: Swinging Strike
0-2: Strikes out swinging
Batting: RHB Keith Ford 0-0: Ball
1-0: Fly out, F9 (Flyball, 9)
Bottom of the 7th over - 1 run(s), 1 hit(s), 0 error(s), 2 left on base; District 9 0 - Texarkana 6
TOP OF THE 8TH
District 9 Prawns batting - Pitching for Texarkana Bears : RHP Alberto Márquez
Batting: SHB Félix Montoya 0-0: Called Strike
0-1: Ball
1-1: Ball
2-1: Foul Ball, location: 2F
2-2: Foul Ball, location: 2F
2-2: Ball
3-2: Ground out 3-1 (Groundball, 34)
Batting: RHB José Colón 0-0: Ball
1-0: Ball
2-0: Called Strike
2-1: Ground out 5-3 (Groundball, 56)
Batting: SHB Rick Turner 0-0: Ball
1-0: Fly out, F7 (Flyball, 78D)
Top of the 8th over - 0 run(s), 0 hit(s), 0 error(s), 0 left on base; District 9 0 - Texarkana 6
BOTTOM OF THE 8TH
Texarkana Bears batting - Pitching for District 9 Prawns : RHP Johnathan McJannett
Batting: RHB Lu-fang Huie 0-0: Ball
1-0: Called Strike
1-1: Ball
2-1: Ball
3-1: Foul Ball, location: 2F
3-2: Strikes out swinging
Batting: LHB Tom Mullins 0-0: Called Strike
0-1: Foul Ball, location: 2F
0-2: Fly out, F8 (Flyball, 8LD)
Batting: RHB Steve Garneys 0-0: Ball
1-0: Called Strike
1-1: SINGLE (Groundball, 6MD)
Batting: LHB Guy Moss 0-0: Called Strike
0-1: Ball
1-1: Ball
Wild Pitch!
Steve Garneys to second
2-1: Foul Ball, location: 2F
2-2: Ball
3-2: SINGLE (Flyball, 8LS)
Steve Garneys to third
Steve Garneys scores
Batting: RHB Tony Reyes 0-0: Ball
Guy Moss steals 2nd base
1-0: Called Strike
1-1: Ball
2-1: Foul Ball, location: 2F
2-2: Foul Ball, location: 2F
2-2: SINGLE (Line Drive, 7LM)
Guy Moss to third
Runner from 3rd tries for Home, SAFE, no throw
Batting: RHB Gilberto López 0-0: Swinging Strike
0-1: Foul Ball, location: 2F
0-2: Ball
1-2: Hit by Pitch
Tony Reyes to second
Batting: RHB Billy Campbell 0-0: Called Strike
0-1: Fly out, F2 (Popup, 34S)
Bottom of the 8th over - 2 run(s), 3 hit(s), 0 error(s), 2 left on base; District 9 0 - Texarkana 8
TOP OF THE 9TH
District 9 Prawns batting - Pitching for Texarkana Bears : RHP Alberto Márquez
Now at C: Alberto Medine
Now at 3B: Kun Liu
Batting: LHB Terry Simpson 0-0: Called Strike
0-1: Ball
1-1: Ball
2-1: Ground out 5-3 (Groundball, 56S)
Pitching: RHP Vaughan Gillespie
Batting: RHB Felipe Jareño 0-0: Swinging Strike
0-1: Swinging Strike
0-2: Foul Ball, location: 2F
0-2: Ball
1-2: Fly out, F8 (Line Drive, 8LD)
Batting: LHB Donnie Cunningham 0-0: Swinging Strike
0-1: Ball
1-1: Foul Ball, location: 2F
1-2: Ball
2-2: Fly out, F3 (Popup, 3D)
Top of the 9th over - 0 run(s), 0 hit(s), 0 error(s), 0 left on base; District 9 0 - Texarkana 8
Tuesday, August 8th, 2017 - OOTP Baseball 17.12 Build 75